 Dungeon Crawl Stone Soup version 0.31-a0-844-gdc52ec4e09 (webtiles) character file.

Game seed: 9653168222804568697

3227 pokeman the Thaumaturge (level 9, -11/52 HPs)
             Began as a Deep Elf Hedge Wizard on Sept 30, 2023.
             Killed from afar by a deep elf pyromancer (30 damage)
             ... with a bolt of fire
             ... on level 8 of the Dungeon.
             The game lasted 00:17:30 (7051 turns).

pokeman the Thaumaturge (Deep Elf Hedge Wizard)     Turns: 7051, Time: 00:17:31

Health: -11/52     AC:  8    Str:  7    XL:     9   Next: 66%
Magic:  36/36      EV: 17    Int: 24    God:
Gold:   273        SH:  0    Dex: 20    Spells: 17/33 levels left

rFire   . . .        v - +9 short sword of Devotion {flame, *Noise rElec rC+ MP+9}
rCold   + . .        (no shield)
rNeg    . . .        E - +0 acid dragon scales
rPois   .            c - +0 hat
rElec   +            (no cloak)
rCorr   +            g - +0 pair of gloves
SInv    .            (no boots)
Will    .....        l - amulet of magic regeneration
Stlth   ++           B - +5 ring of evasion
HPRegen 0.28/turn    C - +6 ring of dexterity
MPRegen 0.65/turn

%: no passive effects
@: no status effects
A: no striking features
a: no special abilities


You were on level 8 of the Dungeon.
You visited 2 branches of the dungeon, and saw 9 of its levels.
You also visited: Sewer.

You collected 333 gold pieces.
You spent 60 gold pieces at shops.

Inventory:

Hand Weapons
 v - the +9 short sword of Devotion (weapon) {flame, *Noise rElec rC+ MP+9}
   (You found it in a sewer)

   rC+:       It protects you from cold.
   rElec:     It insulates you from electricity.
   MP+9:      It affects your magic capacity (+9).
   *Noise:    It may make a loud noise when swung.
Missiles
 a - 2 throwing nets
Armour
 c - a +0 hat (worn)
 g - a +0 pair of gloves (worn)
 w - a scarf of invisibility
 E - +0 acid dragon scales (worn)
Jewellery
 e - a ring of fire
 l - an amulet of magic regeneration (around neck)
 B - a +5 ring of evasion (left hand)
 C - a +6 ring of dexterity (right hand)
Wands
 b - a wand of digging (7)
 o - a wand of iceblast (7)
Scrolls
 f - 5 scrolls of identify {unknown}
 j - 7 scrolls of teleportation {unknown}
 m - a scroll of immolation {unknown}
 p - 2 scrolls of blinking {unknown}
 r - 2 scrolls of revelation {unknown}
 s - a scroll of amnesia {unknown}
 t - 2 scrolls of fog {unknown}
 x - a scroll of fear {unknown}
 y - a scroll of brand weapon {unknown}
 z - a scroll of torment {unknown}
 A - a scroll of noise {unknown}
 G - a scroll of enchant weapon {unknown}
Potions
 d - 2 potions of magic
 h - a potion of enlightenment {unknown}
 i - 4 potions of heal wounds {unknown}
 k - a potion of haste {unknown}
 n - 2 potions of brilliance {unknown}
 q - 7 potions of curing
 u - a potion of invisibility {unknown}
 D - a potion of ambrosia {unknown}
 F - a potion of berserk rage {unknown}
 H - a potion of lignification {unknown}


   Skills:
 - Level 4.0 Fighting
 + Level 3.2 Armour
 - Level 3.0 Dodging
 - Level 3.0 Stealth
 * Level 12.5 Spellcasting
 + Level 7.0 Conjurations
 - Level 1.1 Summonings
 - Level 1.1 Translocations
 + Level 3.3 Fire Magic
 - Level 1.0 Air Magic
 - Level 1.1 Poison Magic
 - Level 1.1 Evocations


You had 17 spell levels left.
You knew the following spells:

 Your Spells              Type           Power      Damage    Failure   Level
a - Magic Dart            Conj           100%       1d8       1%          1
b - Mephitic Cloud        Conj/Pois/Air  29%        N/A       6%          3
c - Call Imp              Summ           40%        N/A       7%          2
d - Blink                 Tloc           40%        N/A       7%          2
e - Ignition              Fire           15%        3d6       100%        8

Your spell library contained the following spells:

 Spells                   Type           Power      Damage    Failure   Level
 Slow                     Hex            60%        N/A       8%          1
 Cigotuvi's Dreadful Rot  Necr/Pois/Air  36%        N/A       9%          2
 Olgreb's Toxic Radiance  Pois           20%        N/A       43%         4
 Discord                  Hex            7%         N/A       100%        8


Dungeon Overview and Level Annotations

Branches:
Dungeon (8/15)             Temple (1/1) D:5           Sewer (visited)
   Lair: D:8-11

Altars:
Dithmenos
Elyvilon
Hepliaklqana
Kikubaaqudgha
Makhleb
Nemelex Xobeh
Okawaru
Qazlal
Ru
Sif Muna
Trog
Uskayaw
Wu Jian
Xom
Yredelemnul
Zin
The Shining One

Shops:
D:4 =   D:5 *[:


Message History

Press: ? - help, Shift-Dir - straight line The mass of ice explodes!
The iceblast engulfs the vampire mosquito!
The vampire mosquito is heavily damaged.
The vampire mosquito barely misses you.
The vampire mosquito completely misses you.
Your cerulean imp barely misses the vampire mosquito.
Unknown command.
Aiming: Iceblast
Press: ? - help, Shift-Dir - straight line The mass of ice explodes!
The iceblast engulfs the vampire mosquito!
The vampire mosquito is almost destroyed.
The vampire mosquito barely misses you.
The five-headed hydra bites your cerulean imp. x2
The five-headed hydra bites your cerulean imp!
Your cerulean imp dies!
Your cerulean imp disappears in a puff of smoke!
The vampire mosquito bites you but does no damage.
Unknown command.
Aiming: Iceblast
Press: ? - help, Shift-Dir - straight line The mass of ice explodes!
The iceblast engulfs the vampire mosquito!!
You destroy the vampire mosquito!
Your Conjurations skill increases to level 7!
Unknown command.
Unknown command.
The deep elf pyromancer casts a spell at you.
The sticky flame misses you.
There is an open door, spattered with blood here.
You close the door.
Something unseen opens the door.
The deep elf pyromancer mumbles some strange words.
The deep elf pyromancer blinks!
The deep elf pyromancer mumbles some strange words.
The deep elf pyromancer points at you and mumbles some strange words.
The bolt of fire hits you!!
Ouch! That really hurt!
You die...

####...#### #.........#
#...._....# ##### #.........#
##### #.... ####...#### #...#
#.##.
#E#...#E###########+#.###.#..
#######...###..............##÷###
....###....................##....
≈≈..............@...>e.E...####..
≈≈...#########.....ED..9...##..9#
.§...# #.....######'###.###
○§....# #.....# #.D......
≈≈.....# ####### #######..###
......... .........##. ......###
#....#...##e ......# ............
..##....####


You could see a five-headed hydra, a deep elf pyromancer, 2 fire elementals and
a gargoyle.

Vanquished Creatures
  Sigmund (D:2)
  A steam dragon (D:6)
  A vampire mosquito (D:8)
  Menkaure (D:7)
  A water moccasin (D:8)
  Duvessa (D:7)
  An orc warrior (D:6)
  An ice beast (D:6)
  A centaur (D:6)
  A phantom (D:7)
  A kobold brigand (D:6)
  4 bullfrogs
  5 scorpions
  3 wights (D:8)
  Dowan (D:7)
  2 howler monkeys (D:6)
  4 orc priests
  A jelly (D:5)
  3 hounds (D:5)
  A sleepcap (D:6)
  7 orc wizards
  3 gnolls (D:6)
  9 adders
  A shadow imp (D:5)
  A white imp (D:6)
  2 ufetubi (D:5)
  3 worms
  3 dart slugs
  14 orcs
  4 bats
  5 endoplasms
  10 giant cockroaches
  4 goblins
  8 hobgoblins
  2 jackals (D:1)
  6 kobolds
  5 quokkas
  7 ball pythons
  7 frilled lizards
  3 rats
139 creatures vanquished.

Vanquished Creatures (collateral kills)
  Maggie (D:7)
  Grinder (D:5)
  A water moccasin (D:6)
  A gnoll (D:6)
4 creatures vanquished.

Grand Total: 143 creatures vanquished

Notes
Turn   | Place    | Note
-------+----------+-------------------------------------------
     0 | D:1      | pokeman the Deep Elf Hedge Wizard began the quest for the
                  | Orb.
     0 | D:1      | Reached XP level 1. HP: 10/10 MP: 7/7
   340 | D:1      | Reached XP level 2. HP: 11/16 MP: 6/9
   630 | D:1      | Reached skill level 5 in Spellcasting
  1036 | D:1      | Reached XP level 3. HP: 17/20 MP: 1/11
  1041 | D:1      | Learned a level 3 spell: Mephitic Cloud
  1044 | D:1      | Learned a level 2 spell: Call Imp
  1047 | D:1      | Learned a level 2 spell: Blink
  1161 | D:2      | Found a glowing silver altar of Zin.
  1399 | D:2      | Noticed Sigmund
  1421 | D:2      | Killed Sigmund
  1422 | D:2      | Reached skill level 1 in Fighting
  1422 | D:2      | Reached skill level 1 in Armour
  1422 | D:2      | Reached skill level 6 in Spellcasting
  1422 | D:2      | Reached XP level 4. HP: 19/26 MP: 4/14
  1422 | D:2      | Reached XP level 5. HP: 21/30 MP: 4/15
  1851 | D:3      | Found an ornate altar of the Wu Jian Council.
  2200 | D:3      | Reached XP level 6. HP: 15/35 MP: 14/17
  2503 | D:4      | Found Jimn's Jewellery Shoppe.
  2515 | D:4      | Reached skill level 7 in Spellcasting
  3069 | D:4      | Found a glowing drain.
  3078 | Sewer    | Entered a sewer
  3444 | Sewer    | Reached skill level 1 in Air Magic
  3444 | Sewer    | Reached skill level 1 in Poison Magic
  3444 | Sewer    | Reached skill level 1 in Evocations
  3529 | Sewer    | Identified the +9 short sword of Devotion {flame, *Noise
                  | rElec rC+ MP+9}
  4152 | D:5      | Entered Level 5 of the Dungeon
  4153 | D:5      | Found Uhentil's General Store.
  4163 | D:5      | Reached XP level 7. HP: 31/39 MP: 20/20
  4248 | D:5      | Reached skill level 8 in Spellcasting
  4276 | D:5      | Bought 2 potions of curing for 60 gold pieces
  4367 | D:5      | Noticed Grinder
  4556 | D:5      | Found Bets's Weapon Shop.
  4582 | D:5      | Paralysed by Grinder for 2 turns
  4592 | D:5      | Killed Grinder
  4593 | D:5      | Reached skill level 9 in Spellcasting
  4593 | D:5      | Reached XP level 8. HP: 44/44 MP: 23/23
  4705 | D:5      | Found Qunintiez's Armour Shoppe.
  4735 | D:5      | Found Watias's Book Shoppe.
  4822 | D:5      | Found a staircase to the Ecumenical Temple.
  4829 | Temple   | Entered the Ecumenical Temple
  4979 | D:6      | Reached skill level 5 in Conjurations
  5114 | D:6      | Reached skill level 10 in Spellcasting
  5286 | D:6      | Reached skill level 11 in Spellcasting
  5296 | D:6      | Learned a level 8 spell: Ignition
  5542 | D:6      | Reached XP level 9. HP: 48/51 MP: 26/26
  5547 | D:6      | Reached skill level 1 in Fire Magic
  5906 | D:7      | Found a hide-covered altar of Uskayaw.
  5906 | D:7      | Noticed Menkaure
  5915 | D:7      | Killed Menkaure
  6022 | D:7      | Noticed Maggie
  6053 | D:7      | Killed Maggie
  6269 | D:7      | Noticed Duvessa
  6271 | D:7      | Noticed Dowan
  6280 | D:7      | Killed Duvessa
  6282 | D:7      | Killed Dowan
  6345 | D:7      | Reached skill level 12 in Spellcasting
  6708 | D:8      | Found a shimmering blue altar of Sif Muna.
  6722 | D:8      | Found a stormy altar of Qazlal.
  6761 | D:8      | Noticed a meliai
  6941 | D:8      | Noticed a green ugly thing
  6983 | D:8      | Noticed a five-headed hydra
  6984 | D:8      | Noticed a gargoyle
  6987 | D:8      | Noticed a deep elf pyromancer
  7051 | D:8      | Killed from afar by a deep elf pyromancer

Illustrated notes

Levels and vault maps discovered:
D:1:      lightli_arrival_chessboard, layout_loops_ring, palyth_stone_intersect,
          fountainhead
D:2:      layout_basic, basic_altar, uniq_sigmund
D:3:      layout_basic, mainiacjoe_overflow_concentric_impassable
D:4:      layout_basic, serial_shops,
          nicolae_shop_temple_entry_statues_fountains,
          cheibrodos_sewer_entry_bend
D:5:      layout_rooms, minmay_temple_entry_statues_pillars, serial_shops, shop,
          shop, nicolae_shop_hallway_stairs, shop, uniq_grinder
D:6:      layout_rooms, roderic_serpentine_path
D:7:      layout_cave_pools, eat_drink_and_be_merry_uskayaw, uniq_menkaure,
          uniq_duvessa, uniq_maggie
D:8:      minmay_cut_squares, layout_basic, nicolae_sif_muna_condensation,
          nicolae_qazlal_style_of_elements, marbit_many_paths, lair_entry_dummy
Temple:   nicolae_temple_bog_church

Skill      XL: |  1  2  3  4  5  6  7  8  9 |
---------------+----------------------------+-----
Spellcasting   | 5 6 7 9 11 12 | 12.5
Fighting       | 1 2 3 4 |  4.0
Armour         | 1 2 3 |  3.2
Conjurations   | 2 3 4 6 7 |  7.0
Dodging        | 3 |  3.0
Stealth        | 3 |  3.0
Air Magic      | 1 |  1.0
Poison Magic   | 1 |  1.1
Evocations     | 1 |  1.1
Fire Magic     | 3 |  3.3
Summonings     | |  1.1
Translocations | |  1.1

Action                     |  1- 3 |  4- 6 |  7- 9 || total
---------------------------+-------+-------+-------++-------
  Melee: Mace              |    25 |       |       ||    25
         Halberd           |       |     4 |       ||     4
         Short sword       |       |     2 |    75 ||    77
   Cast: Magic Dart        |    82 |   123 |   198 ||   403
         Mephitic Cloud    |     2 |     3 |    21 ||    26
         Call Imp          |       |       |    13 ||    13
         Blink             |       |       |     5 ||     5
  Evoke: Wand              |       |       |     3 ||     3
    Use: Potion            |       |       |     2 ||     2
   Stab: Confused          |     3 |       |    11 ||    14
 Armour: Robe              |    23 |    13 |    41 ||    77
         Acid dragon scale |       |       |    28 ||    28
  Dodge: Dodged            |    36 |     9 |   104 ||   149

Table legend: (Time is in decaauts)
 A = Elapsed time spent in this place.
 B = Non-inter-level travel time spent in this place.
 C = Inter-level travel time spent in this place.
 D = Time resting spent in this place.
 E = Time spent auto-exploring this place.
 F = Levels seen in this place.
 G = Mean time per level.
                   A        B        C        D        E       F      G
               +--------+--------+--------+--------+--------+-----+--------+
         Total |   7144 |   6927 |    217 |    316 |   5259 |  10 |  714.4 |
       Dungeon |   6379 |   6162 |    217 |    226 |   4713 |   8 |  797.4 |
        Temple |      1 |      1 |      0 |      0 |      0 |   1 |    1.0 |
         Sewer |    762 |    762 |      0 |     90 |    546 |   1 |  762.0 |
               +--------+--------+--------+--------+--------+-----+--------+

Top non-repeatable levels by time:
     D:1: 1165 daAuts
     D:4: 1092 daAuts
     D:6: 800 daAuts
   Sewer: 762 daAuts
     D:7: 721 daAuts
     D:3: 702 daAuts
     D:5: 688 daAuts
     D:2: 645 daAuts
     D:8: 563 daAuts
  Temple: 1 daAuts
